Unix NetHack Version 5.0.0-0 post-release - last build May  4 2026 22:22:43 (774f63e81ad911689b3a0859ea89b322d5daca8d,branch:main).

Game began 2026-05-08 12:44:48, ended 2026-05-08 12:53:03.

BilldaCat, neutral male human Wizard

                                                              ---
                                                              ..|
                                                              ..|
                                                              ..--
                                                              .?..
                                                            --....
                                                           --....
                                                           |..h.-
                                                           |....-- |
                                                        ----ss.....--
                                                       -....G@......|
                                                 ..................--
                                                --------------------
BilldaCat the Conjurer    St:10 Dx:16 Co:10 In:18 Wi:12 Ch:11  Neutral
Dlvl:7  $:93 HP:0(40) Pw:7(53) AC:9  Xp:5 T:1376  Satiated Stressed

Latest messages:
 The 1st crossbow bolt hits the gnome lord.
 The 2nd crossbow bolt misses the gnome lord.
 You are hit by the 2nd crossbow bolt!
 In what direction? 2
 The spell hits the gnome lord!
 The spell hits the gnome!
 You kill the gnome!
 The gnome lord hits!
 In what direction? 2
 The spell hits the gnome lord!
 You kill the gnome lord!
 The gnome picks up a crossbow.
 You are beginning to feel hungry.
 In what direction? 2
 The spell hits the gnome!
 You kill the gnome!
 The gnome picks up 10 crossbow bolts.
 You kill the gnome!
 What do you want to eat? [s or ?*] ?
 This food really hits the spot!
 You finish eating the food ration.
 What do you want to eat? [s or ?*] s
 You're having a hard time getting all of it down.
 You're finally finished.
 You are hit by a dart.
 The gnome hits!
 The gnome hits!
 You kill the gnome!
 You have trouble lifting R - a potion of restore ability.
 Suddenly, the wood nymph falls through a trap door.
 Really step onto that trap door? [yn] (n) n
 Really step onto that trap door? [yn] (n) y
 A trap door opens up under you!
 The dwarf is caught in a spider web.
 What do you want to write with? [- acdmpEHKO or ?*] -
 You write in the dust with your fingertip.
 What do you want to write in the dust here? ELbereth
 The dwarf wields a pick-axe.
 The giant spider bites!
 What do you want to write with? [- acdmpEHKO or ?*] -
 Do you want to add to the current engraving? [ynq] (y) n
 You wipe out the message that was written in the dust here.
 You write in the dust with your fingertip.
 What do you want to write in the dust here? ELbereth
 The giant spider bites!
 The giant spider bites!
 The giant spider bites!
 You die...
 Do you want your possessions identified? [ynq] (y) y
 Do you want to see your attributes? [ynq] (y) q

Inventory:
 Coins    ('$')
  $ - 93 gold pieces
 Amulets  ('"')
  D - an uncursed amulet of guarding
 Weapons  (')')
  a - a blessed +1 quarterstaff (weapon in hands)
 Armor    ('[')
  b - an uncursed +0 cloak of magic resistance (being worn)
 Comestibles  ('%')
  s - an uncursed food ration
 Scrolls  ('?')
  o - an uncursed scroll of confuse monster
  i - 2 uncursed scrolls of destroy armor
  u - an uncursed scroll of earth
  I - a cursed scroll of earth
  J - a cursed scroll of enchant armor
  x - a cursed scroll of enchant weapon
  A - an uncursed scroll of light
 Potions  ('!')
  G - an uncursed potion of gain ability
  t - 2 uncursed potions of healing
  L - a cursed potion of levitation
  R - an uncursed potion of restore ability
  F - an uncursed potion of sickness
  r - an uncursed potion of water
 Rings    ('=')
  d - an uncursed ring of free action (on left hand)
  K - a cursed ring of poison resistance
  H - a cursed ring of regeneration
 Wands    ('/')
  c - a wand of enlightenment (0:15)
  E - a wand of striking (0:6)
 Tools    ('(')
  n - an uncursed blindfold
  m - a magic marker (0:21)
  C - an uncursed oil lamp (lit)
  N - a cursed oil lamp
  k - an uncursed skeleton key
  w - an uncursed tin whistle
  M - a cursed tin whistle
 Gems/Stones  ('*')
  p - an uncursed agate stone
  O - a cursed loadstone

BilldaCat the Wizard's attributes:

Background:
 You were a Conjurer, a level 5 male human Wizard.
 You were neutral, on a mission for Thoth
 who was opposed by Ptah (lawful) and Anhur (chaotic).
 You were right-handed.
 You were in the Gnomish Mines, on level 7.
 You entered the dungeon 1376 turns ago.
 You had 263 experience points, 57 more were needed to attain level 6.

Basics:
 You had 0 out of 40 hit points.
 You had 7 out of 53 energy points (spell power).
 Your armor class was 9.
 Your wallet contained 93 zorkmids.
 Autopickup was on for '$"?!/=' plus thrown, with exceptions.

Final Characteristics:
 Your strength was 10 (limit:18/100).
 Your dexterity was 16 (limit:18).
 Your constitution was 10 (limit:18).
 Your intelligence was 18 (limit:18).
 Your wisdom was 12 (limit:18).
 Your charisma was 11 (limit:18).

Final Status:
 You were satiated.
 You were stressed; movement was moderately slowed.
 You were wielding a quarterstaff.
 You had basic skill with quarterstaff.

Final Attributes:
 You were devoutly aligned.
 You were magic-protected.
 You were telepathic.
 You were warded.
 You had free action.
 You are dead.

Miscellaneous:
 You encountered 1 bones level.
 Total elapsed playing time was 8 minutes and 15 seconds.

Major events:
 Turn
    1: BilldaCat the neutral male human Wizard entered the dungeon
  588: entered the Gnomish Mines
  647: attained the rank of Conjurer (level 3)
 1376: killed by a giant spider

Spells:
 Name                 Level Category     Fail Retention
 force bolt             1   attack         0%  91%-100%
 light                  1   divination     0%  76%-100%
 detect monsters        1   divination     0%  76%-100%

Skills:
 Fighting Skills
   bare handed combat [Unskilled]
   riding             [Unskilled]
 Weapon Skills
   dagger             [Unskilled]
   knife              [Unskilled]
   axe                [Unskilled]
   short sword        [Unskilled]
   club               [Unskilled]
   mace               [Unskilled]
   quarterstaff       [Basic]
   polearms           [Unskilled]
   spear              [Unskilled]
   trident            [Unskilled]
   sling              [Unskilled]
   dart               [Unskilled]
   shuriken           [Unskilled]
 Spellcasting Skills
   attack spells      [Basic]
   healing spells     [Unskilled]
   divination spells  [Unskilled]
   enchantment spells [Basic]
   clerical spells    [Unskilled]
   escape spells      [Unskilled]
   matter spells      [Unskilled]

Voluntary challenges:
 Character rerolling was not enabled.
 You never genocided any monsters.
 You never polymorphed an object.
 You never changed form.
 You used no wishes.
Achievements:
 You entered the Gnomish Mines.
 You attained the rank of Conjurer.

 The Dungeons of Doom: levels 1 to 4
    Level 1:
       A fountain.
    Level 2:
       An altar to Thoth, a fountain.
    Level 3:
       A fountain.
    Level 4:
       An altar, a fountain.
       Stairs down to The Gnomish Mines.
 The Gnomish Mines: levels 5 to 7
    Level 5:
    Level 6:
       A grave.
       Final resting place for
          01246791210-Bar-Hum-Mal-Neu, killed by a dwarf.
    Level 7: <- You were here.
       Final resting place for
          you, killed by a giant spider.


Vanquished creatures:
  a ghost
  2 gnome leaders
  a gray ooze
  a floating eye
  2 dwarves
  2 hill orcs
  a rothe
 an iguana
  a gas spore
  a hobbit
  a large kobold
 15 gnomes
  a gecko
  a jackal
  a bat
  a kobold zombie
  2 newts
35 creatures vanquished.

No species were genocided or became extinct.

Game over:
                       ----------
                      /          \
                     /    REST    \
                    /      IN      \
                   /     PEACE      \
                  /                  \
                  |    BilldaCat     |
                  |      93 Au       |
                  |   killed by a    |
                  |   giant spider   |
                  |                  |
                  |                  |
                  |       2026       |
                 *|     *  *  *      | *
        _________)/\\_//(\/(/\)/\//\/|_)_______

Goodbye BilldaCat the Wizard...

You died in The Gnomish Mines on dungeon level 7 with 1456 points,
and 93 pieces of gold, after 1376 moves.
You were level 5 with a maximum of 40 hit points when you died.

